[ AOE2 MATCH · #495838460 ]
UnrankedRomans vs Koreans
Player's team · WIN
Rival team · LOSS
[ REPLAY ANALYSIS · EXTRACTED FROM THE RECORDED GAME ]
Feudal
12:11
Castle
15:42
Imperial
27:54
| APM avg | 41.2 |
| APM peak | 64 |
| eAPM avg | 26.7 |
| Villagers / military | 141 / 224 |
Focus
⚔️ 37.3% · 🌾 62.7%
Scorpion ×105 · Centurion ×86 · Mangonel ×18 · Trebuchet (Packed) ×10 · Monk ×2 · Scout Cavalry ×2
Feudal
10:55
Castle
14:25
Imperial
27:42
| APM avg | 54.2 |
| APM peak | 105 |
| eAPM avg | 40.9 |
| Villagers / military | 171 / 333 |
Focus
⚔️ 65.9% · 🌾 34.1%
Spearman ×286 · Archer ×25 · Iron Pagoda ×14 · Bombard Cannon ×6 · Scorpion ×1 · Fire Lancer ×1
Match map
Initial resources + every placement click. Lines = walls · curves = elevation contours. ◆ gold · ⬟ stone · ● berries · ✦ relic · ◌ wall gap
Your base· ✓ Closed at 15:42 · 16t walls · 2 gate(s)
Emu Warrior's base· ✓ Closed at 14:25 · 14t walls · 4 gate(s)
Smoothed initial terrain · ◌ = detected wall gap · hover for details
Inputs per minute
— Light Cav OP - - Emu Warrior
Build order — Light Cav OP
First 150 of 428 actions detected
| 0:01 | Queue | Villager (Male) |
| 0:02 | Build | House |
| 0:03 | Build | House |
| 0:13 | Queue | Villager (Male) |
| 0:19 | Queue | Villager (Male) |
| 0:20 | Queue | Villager (Male) |
| 1:22 | Queue | Villager (Male) |
| 1:49 | Build | Lumber Camp |
| 1:54 | Queue | Villager (Male) |
| 2:08 | Queue | Villager (Male) |
| 2:37 | Build | House |
| 2:38 | Queue | Villager (Male) |
| 2:50 | Queue | Villager (Male) |
| 3:05 | Build | Palisade Wall |
| 3:13 | Build | Palisade Wall |
| 3:17 | Build | Palisade Wall |
| 3:20 | Build | Palisade Wall |
| 3:21 | Build | Palisade Wall |
| 3:26 | Build | Palisade Wall |
| 3:26 | Queue | Villager (Male) |
| 3:32 | Build | Palisade Wall |
| 3:36 | Build | Palisade Wall |
| 3:38 | Build | Palisade Wall |
| 3:40 | Build | Palisade Wall |
| 3:56 | Queue | Villager (Male) |
| 4:02 | Queue | Villager (Male) |
| 4:05 | Build | House |
| 4:24 | Queue | Villager (Male) |
| 4:30 | Build | Palisade Wall |
| 4:33 | Build | Palisade Wall |
| 4:34 | Build | Palisade Wall |
| 5:20 | Queue | Villager (Male) |
| 5:21 | Queue | Villager (Male) |
| 5:31 | Queue | Villager (Male) |
| 5:34 | Build | Mill |
| 6:09 | Queue | Villager (Male) |
| 6:24 | Queue | Villager (Male) |
| 6:41 | Queue | Villager (Male) |
| 6:53 | Queue | Villager (Male) |
| 7:32 | Queue | Villager (Male) |
| 7:33 | Queue | Villager (Male) |
| 7:39 | Queue | Villager (Male) |
| 7:40 | Queue | Villager (Male) |
| 8:02 | Build | House |
| 8:22 | Queue | Villager (Male) |
| 8:29 | Build | Farm |
| 8:32 | Build | Farm |
| 8:40 | Build | Farm |
| 8:51 | Build | Lumber Camp |
| 9:10 | Queue | Villager (Male) |
| 9:28 | Build | Mining Camp |
| 9:38 | Build | Farm |
| 10:01 | Research | Feudal Age |
| 10:38 | Build | Barracks |
| 11:14 | Queue | Villager (Male) |
| 11:14 | Queue | Villager (Male) |
| 12:11 | Age | Feudal Age |
| 12:12 | Build | Stable |
| 12:14 | Build | Blacksmith |
| 12:20 | Research | Double-Bit Axe |
| 12:21 | Research | Horse Collar |
| 12:24 | Build | Farm |
| 12:38 | Build | House |
| 12:41 | Build | Farm |
| 12:45 | Build | Farm |
| 13:02 | Research | Castle Age |
| 13:04 | Build | Farm |
| 13:05 | Queue | Scout Cavalry |
| 13:14 | Build | Farm |
| 13:20 | Build | Farm |
| 14:48 | Queue | Scout Cavalry |
| 15:08 | Build | House |
| 15:15 | Build | Palisade Wall |
| 15:17 | Build | Palisade Wall |
| 15:18 | Build | Palisade Wall |
| 15:42 | Age | Castle Age |
| 15:44 | Queue | Villager (Male) |
| 15:45 | Research | Bow Saw |
| 15:46 | Research | Heavy Plow |
| 15:48 | Build | Town Center |
| 15:52 | Build | Town Center |
| 16:01 | Queue | Villager (Male) |
| 16:07 | Build | Monastery |
| 16:09 | Queue | Villager (Male) |
| 16:19 | Build | Palisade Wall |
| 16:22 | Build | Palisade Wall |
| 16:23 | Build | Palisade Wall |
| 16:30 | Queue | Villager (Male) |
| 16:52 | Queue | Monk |
| 16:58 | Research | Husbandry |
| 17:04 | Queue | Villager (Male) |
| 17:04 | Queue | Villager (Male) |
| 17:08 | Queue | Villager (Male) |
| 17:08 | Queue | Villager (Male) |
| 17:21 | Queue | Villager (Male) |
| 17:26 | Queue | Villager (Male) |
| 17:29 | Build | Farm |
| 17:30 | Build | Farm |
| 17:31 | Build | Farm |
| 17:34 | Queue | Villager (Male) |
| 17:34 | Queue | Villager (Male) |
| 17:37 | Build | Palisade Wall |
| 17:38 | Build | Palisade Wall |
| 17:39 | Build | Palisade Wall |
| 17:41 | Build | Palisade Wall |
| 17:47 | Build | Siege Workshop |
| 17:50 | Queue | Villager (Male) |
| 17:50 | Queue | Villager (Male) |
| 17:53 | Queue | Monk |
| 17:58 | Queue | Villager (Male) |
| 18:00 | Build | Farm |
| 18:01 | Build | Farm |
| 18:14 | Build | Farm |
| 18:26 | Queue | Villager (Male) |
| 18:26 | Queue | Villager (Male) |
| 18:30 | Queue | Battering Ram |
| 18:33 | Build | House |
| 18:37 | Build | House |
| 18:40 | Queue | Villager (Male) |
| 18:48 | Build | House |
| 18:50 | Research | Loom |
| 18:53 | Research | Wheelbarrow |
| 18:56 | Research | Town Watch |
| 18:57 | Build | House |
| 19:07 | Queue | Mangonel |
| 19:13 | Queue | Villager (Male) |
| 19:22 | Build | House |
| 19:23 | Queue | Villager (Male) |
| 19:34 | Queue | Villager (Male) |
| 19:46 | Queue | Villager (Male) |
| 19:46 | Queue | Villager (Male) |
| 19:54 | Queue | Villager (Male) |
| 19:54 | Queue | Villager (Male) |
| 20:02 | Build | House |
| 20:14 | Queue | Villager (Male) |
| 20:14 | Queue | Villager (Male) |
| 20:16 | Queue | Mangonel |
| 20:23 | Build | House |
| 20:24 | Build | Farm |
| 20:24 | Build | Farm |
| 20:25 | Build | Farm |
| 20:25 | Build | Farm |
| 20:27 | Build | Farm |
| 20:27 | Build | Farm |
| 20:30 | Queue | Villager (Male) |
| 20:49 | Queue | Villager (Male) |
| 20:49 | Queue | Villager (Male) |
| 20:55 | Queue | Villager (Male) |
| 21:18 | Queue | Villager (Male) |
| 21:18 | Queue | Villager (Male) |
Build order — Emu Warrior
First 150 of 528 actions detected
| 0:00 | Queue | Villager (Male) |
| 0:00 | Queue | Villager (Male) |
| 0:01 | Queue | Villager (Male) |
| 0:01 | Queue | Villager (Male) |
| 0:02 | Build | House |
| 0:03 | Build | House |
| 1:16 | Queue | Villager (Male) |
| 1:48 | Build | Lumber Camp |
| 1:54 | Queue | Villager (Male) |
| 2:13 | Queue | Villager (Male) |
| 2:14 | Queue | Villager (Male) |
| 2:30 | Queue | Villager (Male) |
| 2:30 | Queue | Villager (Male) |
| 2:59 | Queue | Villager (Male) |
| 3:18 | Build | Palisade Wall |
| 3:22 | Build | Palisade Wall |
| 3:23 | Build | Palisade Wall |
| 3:29 | Build | Palisade Wall |
| 3:32 | Build | Palisade Wall |
| 3:35 | Build | Palisade Wall |
| 3:37 | Build | House |
| 3:40 | Build | Palisade Wall |
| 3:42 | Build | Palisade Wall |
| 3:44 | Queue | Villager (Male) |
| 3:45 | Build | Palisade Wall |
| 3:48 | Build | Palisade Wall |
| 3:55 | Build | Palisade Wall |
| 3:59 | Queue | Villager (Male) |
| 4:01 | Build | Palisade Wall |
| 4:06 | Build | Palisade Wall |
| 4:09 | Build | Palisade Wall |
| 4:12 | Build | House |
| 4:24 | Queue | Villager (Male) |
| 4:43 | Build | Palisade Gate |
| 4:56 | Queue | Villager (Male) |
| 5:24 | Queue | Villager (Male) |
| 5:38 | Queue | Villager (Male) |
| 5:40 | Queue | Villager (Male) |
| 5:59 | Build | House |
| 6:02 | Queue | Villager (Male) |
| 6:02 | Queue | Villager (Male) |
| 6:08 | Queue | Villager (Male) |
| 6:21 | Build | Mill |
| 6:45 | Queue | Villager (Male) |
| 6:45 | Queue | Villager (Male) |
| 6:45 | Queue | Villager (Male) |
| 7:58 | Build | Mining Camp |
| 8:06 | Queue | Villager (Male) |
| 8:28 | Research | Feudal Age |
| 8:34 | Build | Farm |
| 8:35 | Build | Farm |
| 8:38 | Build | Farm |
| 8:49 | Queue | Villager (Male) |
| 8:50 | Queue | Villager (Male) |
| 10:55 | Age | Feudal Age |
| 10:56 | Build | Market |
| 10:58 | Build | Blacksmith |
| 11:39 | Build | House |
| 11:42 | Research | Castle Age |
| 11:51 | Research | Double-Bit Axe |
| 12:23 | Research | Horse Collar |
| 12:27 | Build | Farm |
| 12:28 | Build | Farm |
| 12:36 | Build | Farm |
| 12:40 | Build | Farm |
| 12:56 | Queue | Villager (Male) |
| 13:25 | Queue | Villager (Male) |
| 14:25 | Age | Castle Age |
| 14:28 | Build | Town Center |
| 14:32 | Build | Town Center |
| 14:38 | Research | Bow Saw |
| 14:47 | Queue | Villager (Male) |
| 14:58 | Research | Heavy Plow |
| 15:28 | Queue | Villager (Male) |
| 15:32 | Queue | Villager (Male) |
| 15:48 | Build | Farm |
| 15:51 | Queue | Villager (Male) |
| 15:55 | Queue | Villager (Male) |
| 15:56 | Queue | Villager (Male) |
| 16:05 | Build | Farm |
| 16:13 | Queue | Villager (Male) |
| 16:15 | Build | Farm |
| 16:18 | Queue | Villager (Male) |
| 16:18 | Queue | Villager (Male) |
| 16:36 | Build | Farm |
| 16:38 | Build | Farm |
| 16:41 | Queue | Villager (Male) |
| 16:41 | Queue | Villager (Male) |
| 16:49 | Build | Farm |
| 16:54 | Build | Farm |
| 16:58 | Build | House |
| 16:58 | Build | House |
| 16:59 | Build | House |
| 16:59 | Build | House |
| 17:04 | Queue | Villager (Male) |
| 17:07 | Queue | Villager (Male) |
| 17:13 | Build | Farm |
| 17:20 | Queue | Villager (Male) |
| 17:20 | Queue | Villager (Male) |
| 17:22 | Build | Farm |
| 17:28 | Queue | Villager (Male) |
| 17:32 | Build | Farm |
| 17:41 | Queue | Villager (Male) |
| 17:46 | Build | Farm |
| 17:49 | Queue | Villager (Male) |
| 17:54 | Queue | Villager (Male) |
| 17:54 | Queue | Villager (Male) |
| 17:58 | Build | Outpost |
| 18:04 | Queue | Villager (Male) |
| 18:07 | Build | Farm |
| 18:08 | Build | Farm |
| 18:12 | Build | Farm |
| 18:15 | Build | Farm |
| 18:18 | Queue | Villager (Male) |
| 18:24 | Queue | Villager (Male) |
| 18:29 | Queue | Villager (Male) |
| 18:38 | Build | Siege Workshop |
| 18:41 | Queue | Villager (Male) |
| 18:46 | Build | House |
| 18:49 | Queue | Villager (Male) |
| 18:55 | Queue | Villager (Male) |
| 18:57 | Build | Farm |
| 19:03 | Research | Loom |
| 19:05 | Queue | Villager (Male) |
| 19:13 | Build | Stone Wall |
| 19:14 | Build | Stone Wall |
| 19:14 | Build | Stone Wall |
| 19:15 | Build | Stone Wall |
| 19:18 | Queue | Villager (Male) |
| 19:18 | Queue | Villager (Male) |
| 19:21 | Queue | Iron Pagoda |
| 19:25 | Build | House |
| 19:26 | Build | House |
| 19:26 | Build | House |
| 19:27 | Queue | Villager (Male) |
| 19:32 | Queue | Villager (Male) |
| 19:39 | Build | Farm |
| 19:41 | Queue | Villager (Male) |
| 19:45 | Queue | Villager (Male) |
| 19:51 | Queue | Villager (Male) |
| 19:54 | Build | Farm |
| 20:00 | Queue | Villager (Male) |
| 20:04 | Build | Watch Tower |
| 20:15 | Queue | Villager (Male) |
| 20:15 | Queue | Villager (Male) |
| 20:18 | Build | Watch Tower |
| 20:23 | Build | House |
| 20:24 | Build | Farm |
| 20:27 | Queue | Villager (Male) |
| 20:33 | Queue | Villager (Male) |
Match timeline
| 3:05 | Light Cav OP · wall_segment Palisade Wall x1 |
| 3:13 | Light Cav OP · wall_segment Palisade Wall x1 |
| 3:17 | Light Cav OP · wall_segment Palisade Wall x1 |
| 3:18 | Emu Warrior · wall_segment Palisade Wall x1 |
| 3:20 | Light Cav OP · wall_segment Palisade Wall x1 |
| 3:21 | Light Cav OP · wall_segment Palisade Wall x1 |
| 3:22 | Emu Warrior · wall_segment Palisade Wall x1 |
| 3:23 | Emu Warrior · wall_segment Palisade Wall x1 |
| 3:26 | Light Cav OP · wall_segment Palisade Wall x1 |
| 3:29 | Emu Warrior · wall_segment Palisade Wall x1 |
| 3:32 | Emu Warrior · wall_segment Palisade Wall x1 |
| 3:32 | Light Cav OP · wall_segment Palisade Wall x1 |
| 3:35 | Emu Warrior · wall_segment Palisade Wall x1 |
| 3:36 | Light Cav OP · wall_segment Palisade Wall x1 |
| 3:38 | Light Cav OP · wall_segment Palisade Wall x1 |
| 3:40 | Light Cav OP · wall_segment Palisade Wall x1 |
| 3:40 | Emu Warrior · wall_segment Palisade Wall x1 |
| 3:42 | Emu Warrior · wall_segment Palisade Wall x1 |
| 3:45 | Emu Warrior · wall_segment Palisade Wall x1 |
| 3:48 | Emu Warrior · wall_segment Palisade Wall x1 |
| 3:55 | Emu Warrior · wall_segment Palisade Wall x1 |
| 4:01 | Emu Warrior · wall_segment Palisade Wall x1 |
| 4:06 | Emu Warrior · wall_segment Palisade Wall x1 |
| 4:09 | Emu Warrior · wall_segment Palisade Wall x1 |
| 4:30 | Light Cav OP · wall_segment Palisade Wall x1 |
| 4:33 | Light Cav OP · wall_segment Palisade Wall x1 |
| 4:34 | Light Cav OP · wall_segment Palisade Wall x1 |
| 10:38 | Light Cav OP · first_building Barracks |
| 10:55 | Emu Warrior · age_up feudal |
| 12:11 | Light Cav OP · age_up feudal |
| 12:12 | Light Cav OP · first_building Stable |
| 14:25 | Emu Warrior · age_up castle |
| 14:37 | Emu Warrior · first_market_buy 100 wood |
| 15:15 | Light Cav OP · wall_segment Palisade Wall x1 |
| 15:17 | Light Cav OP · wall_segment Palisade Wall x1 |
| 15:18 | Light Cav OP · wall_segment Palisade Wall x1 |
| 15:42 | Light Cav OP · age_up castle |
| 16:07 | Light Cav OP · first_building Monastery |
| 16:19 | Light Cav OP · wall_segment Palisade Wall x1 |
| 16:22 | Light Cav OP · wall_segment Palisade Wall x1 |
| 16:23 | Light Cav OP · wall_segment Palisade Wall x1 |
| 17:37 | Light Cav OP · wall_segment Palisade Wall x1 |
| 17:38 | Light Cav OP · wall_segment Palisade Wall x1 |
| 17:39 | Light Cav OP · wall_segment Palisade Wall x1 |
| 17:41 | Light Cav OP · wall_segment Palisade Wall x1 |
| 17:47 | Light Cav OP · first_building Siege Workshop |
| 18:38 | Emu Warrior · first_building Siege Workshop |
| 19:13 | Emu Warrior · wall_segment Stone Wall x1 |
| 19:14 | Emu Warrior · wall_segment Stone Wall x1 |
| 19:14 | Emu Warrior · wall_segment Stone Wall x1 |
| 19:15 | Emu Warrior · wall_segment Stone Wall x1 |
| 21:33 | Light Cav OP · wall_segment Palisade Wall x1 |
| 21:35 | Light Cav OP · wall_segment Palisade Wall x1 |
| 23:11 | Emu Warrior · first_building Barracks |
| 23:47 | Emu Warrior · wall_segment Stone Wall x1 |
| 23:47 | Emu Warrior · wall_segment Stone Wall x1 |
| 23:47 | Emu Warrior · wall_segment Stone Wall x1 |
| 24:30 | Emu Warrior · first_building Archery Range |
| 26:33 | Light Cav OP · first_building Castle |
| 27:23 | Emu Warrior · wall_segment Stone Wall x1 |
| 27:42 | Emu Warrior · age_up imperial |
| 27:54 | Light Cav OP · age_up imperial |
| 29:05 | Emu Warrior · first_market_sell 100 wood |
| 30:27 | Light Cav OP · first_market_sell 500 wood |
| 34:49 | Emu Warrior · first_building Castle |
| 40:05 | Emu Warrior · wall_segment Stone Wall x6 |
| 49:12 | Emu Warrior · resign |
[ AI ANALYSIS · 1 CREDIT ]
What really happened in this match?
Wolo.gg analyzes every decision: build order, eco, micro, common mistakes by bracket. Personalized analysis on WhatsApp or Discord in 30 seconds.
Civ guide
Romans
Perfil
Jugador #178430